 Dungeon Crawl Stone Soup version 0.31-a0-217-g58bb5d79cf (webtiles) character file.

Game seed: 12174775619811497875

129 qw the Chopper (level 5, -6/32 HPs)
             Began as a Gargoyle Fighter on July 2, 2023.
             Mangled by an ogre
             ... wielding a +0 giant club
              (17 damage)
             ... on level 3 of the Dungeon.
             The game lasted 00:01:16 (2201 turns).

qw the Chopper (Gargoyle Fighter)                   Turns: 2201, Time: 00:01:17

Health: -6/32      AC: 10    Str: 21    XL:     5   Next: 12%
Magic:  5/5        EV:  9    Int:  9    God:
Gold:   135        SH:  4    Dex:  9    Spells: 4/4 levels left

rFire   . . .        Y - +0 war axe
rCold   + . .        c - +0 buckler
rNeg    + . .        b - +0 scale mail
rPois   inf          (no helmet)
rElec   +            (no cloak)
rCorr   .            (no gloves)
SInv    .            (no boots)
Will    +....        (no amulet) Stlth
                     f - ring of willpower
HPRegen 0.25/turn    k - ring of protection from cold
MPRegen 0.09/turn

%: no passive effects
@: no status effects
A: sickness immunity, AC +4, negative energy resistance 1, electricity
resistance, torment resistance 1, petrification resistance
a: no special abilities


You were on level 3 of the Dungeon.
You visited 1 branch of the dungeon, and saw 4 of its levels.

You collected 135 gold pieces.


Innate Abilities, Weirdness & Mutations

You are immune to sickness and miasma.
Your stone body is resilient. (AC +4)
You are immune to poison.
You resist negative energy. (rN+)
You are resistant to electric shocks. (rElec)
You are resistant to unholy torment.
You are immune to petrification.


   Skills:
 - Level 3.2 Fighting
 + Level 4.7 Axes
 - Level 3.2 Armour
 - Level 3.2 Shields


You had 4 spell levels left.
You didn't know any spells.
Your spell library was empty.

Inventory:

Hand Weapons
 a - the +2 hammer "Dragon's Demise" {protect, rCorr SInv}
   (You found it on level 3 of the Dungeon)

   SInv:      It lets you see invisible.
   rCorr:     It protects you from acid and corrosion.
 i - the +11 hammer of Gygaff {spect, rN++}
   (You found it on level 3 of the Dungeon)

   rN:        It greatly protects you from negative energy.
 Y - a +0 war axe (weapon)
Armour
 b - a +0 scale mail (worn)
 c - a +0 buckler (worn)
Jewellery
 f - a ring of willpower (left hand)
 k - a ring of protection from cold (right hand)
Scrolls
 j - a scroll of teleportation
Potions
 d - a potion of might
 e - 2 potions of heal wounds
 g - a potion of berserk rage {unknown}
 h - a potion of haste {unknown}
 l - a potion of attraction {unknown}
 m - a potion of curing

Dungeon Overview and Level Annotations

Branches:
Dungeon (4/15)
 Temple: D:4-7

Altars:
Dithmenos

Annotations:
D:3 1 runed translucent door, Crazy Yiuf


Message History

As you read the scroll labelled ZAGRIF XIEMAFI, it crumbles to dust.
It is a scroll of enchant armour.
Really abort (and waste the scroll)?
Could not explore, unopened runed door.
2180 ||| DRINKING 2 sedimented silvery potions.
It was a potion of curing.
You feel better.
Could not explore, unopened runed door.
(D) Dungeon
Where to? (* - list waypoints, Enter - D:3, ? - help)
What level of the Dungeon? (default 1, ? - help)
You see here a +0 hammer.
You see here a +0 hammer of holy wrath.
You see here a +0 hammer.
You see here a +2 heavy hammer.
There is a stone staircase leading down here.
You climb downwards.
The ball python hisses angrily.
Found 4 stones and 13 gold pieces.
There is a stone staircase leading up here.
There are monsters nearby!
Waypoint 3 assigned to D:4.
You completely miss the ball python. The ball python barely misses you.
The ball python completely misses you.
You slash the ogre!
The ogre is heavily wounded.
You slash the ball python!
You kill the ball python!
The ogre hits you with a +0 giant club!!
Ouch! That really hurt!
2198 ||| STAIRDANCE The ogre barely misses you.
You climb upwards.
Level annotation: 1 runed translucent door, Crazy Yiuf
There is a stone staircase leading down here.
You slash the ogre!
The ogre is almost dead.
You hit the ogre but do no damage.
The ogre is almost dead.
The ogre hits you with a +0 giant club!
Ouch! That really hurt!
You die...

..## #.....# ...## #.....#
....# #.....# ....#####
###.### ........# ##.#
....###.## #..# ....# #..##
##..# ....####..# #..O###
......###.## #..@..#
..###..##..###.....#
....##..........####
................#
..[......>.##...##77777
.....####..##....#.)7)777 ###
....#####...........)7))7#)))#
...........#........7777.+)).#
.................#.77 77#)))#


You could see an ogre.

Vanquished Creatures
  Jessica (D:2)
  A gnoll (D:1)
  3 adders
  A dart slug (D:2)
  4 endoplasms
  6 giant cockroaches
  9 goblins
  3 hobgoblins
  3 quokkas (D:1)
  6 ball pythons
  10 bats
  5 frilled lizards
  9 kobolds
  6 rats
67 creatures vanquished.

Notes
Turn   | Place    | Note
-------+----------+-------------------------------------------
     0 | D:1      | qw the Gargoyle Fighter began the quest for the Orb.
     0 | D:1      | Reached XP level 1. HP: 14/14 MP: 1/1
     0 | D:1      | 0 ||| qw: Version: 0.3-a-40-ge99b1a8
     0 | D:1      | 0 ||| qw: Game counter: 187
     0 | D:1      | 0 ||| qw: Melee chars always use a shield: true
     0 | D:1      | 0 ||| qw: God list: Okawaru
     0 | D:1      | 0 ||| qw: Allow faded altars: false
     0 | D:1      | 0 ||| qw: Do Orc after clearing Dungeon:15 true
     0 | D:1      | 0 ||| qw: Do second Lair branch before Depths: true
     0 | D:1      | 0 ||| qw: Lair rune preference: random
     0 | D:1      | 0 ||| qw: Goals: Normal, Zot:1-4, Slime:5, God:TSO, Crypt,
                  | Tomb, Abyss, Pan, Hells, Win
     0 | D:1      | 0 ||| PLANNING D:1-11
    32 | D:1      | Reached skill level 2 in Axes
   107 | D:1      | Reached XP level 2. HP: 19/19 MP: 2/2
   356 | D:1      | 356 ||| Stepping ~*~*~tactically~*~*~ (stealth).
   365 | D:1      | Reached skill level 3 in Axes
   369 | D:1      | Reached XP level 3. HP: 23/23 MP: 3/3
   398 | D:1      | 398 ||| DROPPING +0 club.
   458 | D:1      | 458 ||| Stepping ~*~*~tactically~*~*~ (stealth).
   461 | D:1      | 461 ||| Stepping ~*~*~tactically~*~*~ (hiding).
   462 | D:1      | 462 ||| Stepping ~*~*~tactically~*~*~ (hiding).
   973 | D:1      | 973 ||| DRINKING 2 ruby potions.
  1034 | D:2      | Noticed Jessica
  1047 | D:2      | Killed Jessica
  1048 | D:2      | Reached skill level 4 in Axes
  1048 | D:2      | Reached XP level 4. HP: 19/28 MP: 4/4
  1417 | D:2      | 1417 ||| Stepping ~*~*~tactically~*~*~ (stealth).
  1693 | D:2      | 1693 ||| UPGRADING to ring of willpower.
  1694 | D:2      | 1694 ||| UPGRADING to ring of protection from cold.
  1695 | D:2      | 1695 ||| READING scroll labelled FORGHA ZYLEMM.
  1745 | D:3      | Found a shadowy altar of Dithmenos.
  1809 | D:3      | 1809 ||| DROPPING +0 mace.
  1810 | D:3      | Identified the +11 hammer of Gygaff {spect, rN++}
  1812 | D:3      | 1812 ||| DROPPING +2 heavy hammer.
  1813 | D:3      | Found a runed translucent door.
  1814 | D:3      | Noticed Crazy Yiuf
  1816 | D:3      | Identified the +2 hammer "Dragon's Demise" {protect, rCorr
                  | SInv}
  1969 | D:3      | Reached XP level 5. HP: 32/32 MP: 5/5
  2178 | D:3      | 2178 ||| READING scroll labelled QYEREO SAXIOL.
  2179 | D:3      | 2179 ||| READING scroll labelled ZAGRIF XIEMAFI.
  2180 | D:3      | 2180 ||| DRINKING 2 sedimented silvery potions.
  2195 | D:4      | Noticed an ogre
  2198 | D:4      | 2198 ||| STAIRDANCE
  2201 | D:3      | Mangled by an ogre

Levels and vault maps discovered:
D:1:      onia_arrival_pentagram, layout_basic, minmay_worlds_worst_comb
D:2:      layout_basic, nicolae_elevator_lobby_plus, uniq_jessica
D:3:      layout_rooms, old_standard_altar, uniq_crazy_yiuf_cottage
D:4:      layout_basic, lemuel_zombie_altar_yredelemnul, temple_statues,
          uniq_eustachio, uniq_pikel

Skill      XL: |  1  2  3 |
---------------+----------+-----
Axes           | 2 3 4 |  4.7
Fighting       | |  3.2
Armour         | |  3.2
Shields        | |  3.2

Action                     |  1- 3 |  4- 6 || total
---------------------------+-------+-------++-------
  Melee: War axe           |    80 |    87 ||   167
  Throw: Boomerang         |    34 |     1 ||    35
    Use: Potion            |     1 |     1 ||     2
         Scroll            |       |     3 ||     3
 Armour: Scale mail        |    31 |    42 ||    73
  Dodge: Dodged            |    39 |    45 ||    84
  Block: Buckler           |    12 |    20 ||    32

Table legend:
 A = Non-vault XP
 B = Vault XP
 C = Vault XP percentage of total XP
 D = Non-vault monster count
 E = Vault monster count
 F = Vault count percentage of total count
                 A         B        C        D         E       F
            +---------+---------+-------+---------+---------+-------
      Total |     144 |      41 |  22.2 |      64 |       3 |   4.5
            +---------+---------+-------+---------+---------+-------
        D:1 |      61 |       4 |   6.2 |      33 |       2 |   5.7
        D:2 |      54 |      37 |  40.7 |      18 |       1 |   5.3
        D:3 |      27 |       0 |   0.0 |      12 |       0 |   0.0
        D:4 |       2 |       0 |   0.0 |       1 |       0 |   0.0
            +---------+---------+-------+---------+---------+-------
